 Dungeon Crawl Stone Soup version 0.23.0 (webtiles) character file.

Game seed: 728906799395783399

172 Infinimo the Cudgeler (level 5, -2/41 HPs)
             Began as a Formicid Skald on Feb 15, 2019.
             Was an Initiate of Okawaru.
             Shot with a stone by a goblin (6 damage)
             ... on level 2 of the Dungeon.
             The game lasted 00:03:26 (3470 turns).

Infinimo the Cudgeler (Formicid Skald)              Turns: 3470, Time: 00:03:26

Health: -2/41      AC:  3    Str: 16    XL:     5   Next: 82%
Magic:  8/8        EV: 12    Int: 13    God:    Okawaru [......]
Gold:   66         SH:  0    Dex: 10    Spells: 7/8 levels left

rFire    . . .     SeeInvis +   f - +1 whip (vamp)
rCold    . . .     Gourm    .   (no shield)
rNeg     . . .     Faith    .   b - +0 leather armour
rPois    .         Spirit   .   (helmet unavailable)
rElec    .         Reflect  .   (no cloak)
rCorr    .         Harm     .   (no gloves)
MR       .....                  (no boots)
Stlth    +.........             (no amulet)
HPRegen  0.13/turn              h - ring of flight
MPRegen  0.11/turn              (no ring)

@: no status effects
A: permanent stasis, dig shafts and tunnels, four strong arms, antennae 3
a: Dig, Shaft Self, Renounce Religion, Evoke Flight


You were on level 2 of the Dungeon.
You worshipped Okawaru.
Okawaru was noncommittal.
You were hungry.

You visited 1 branch of the dungeon, and saw 2 of its levels.

You collected 66 gold pieces.

Inventory:

Hand Weapons
 f - a +1 vampiric whip (weapon)
 l - a +1 mace of holy wrath
Armour
 b - a +0 leather armour (worn)
Jewellery
 h - a ring of flight (left hand)
Scrolls
 g - 2 scrolls of fear
 i - 4 scrolls of remove curse
 k - a scroll of teleportation {unknown}
Potions
 c - a potion of might
 d - a potion of flight {unknown}
 e - a potion of curing
 j - a potion of degeneration {unknown}
 m - a potion of lignification {unknown}
Comestibles
 n - a ration


   Skills:
 + Level 3.2 Fighting
 * Level 3.5 Maces & Flails
 + Level 2.5 Armour
 + Level 2.8 Dodging
 - Level 2.4 Spellcasting
 - Level 3.1 Charms


You had 7 spell levels left.
You knew the following spells:

 Your Spells              Type           Power        Failure   Level  Hunger
a - Infusion              Chrm           #...         8%          1    #......

Your spell library contained the following spells:

 Spells                   Type           Power        Failure   Level  Hunger
 Song of Slaying          Chrm           #.......     12%         2    ###....
 Shroud of Golubria       Chrm/Tloc      #.........   22%         2    ###....
 Regeneration             Chrm/Necr      #.........   41%         3    ###....
 Spectral Weapon          Hex/Chrm       #.......     41%         3    ###....


Dungeon Overview and Level Annotations

Branches:
Dungeon (2/15)

Altars:
Gozag
Okawaru
Xom
Yredelemnul
The Shining One


Innate Abilities, Weirdness & Mutations

You cannot be hasted, slowed, berserked, paralysed or teleported.
You can dig through walls and to a lower floor.
Your four strong arms can wield two-handed weapons with a shield.
You have a pair of large antennae on your head. (SInv)


Message History

You are too injured to fight recklessly!
You are too injured to fight recklessly!
You are too injured to fight recklessly!
You are too injured to fight recklessly!
You are too injured to fight recklessly!
The centaur skeleton hits you.
* * * LOW HITPOINT WARNING * * *
The centaur skeleton hits you.
* * * LOW HITPOINT WARNING * * *
The centaur skeleton is almost destroyed.
You destroy the centaur skeleton!
Okawaru accepts your kill.
The goblin wields a cursed -1 hunting sling.
The goblin shoots a stone.
You see here a stone.
The goblin shoots a stone.
The stone hits you.
* * * LOW HITPOINT WARNING * * *
You see here a stone.
The goblin shoots a stone.
The stone hits you.
You die...

#############.# #.
######.# #. #....#.# #.
##....#.#### #.
#.....').... #K
#.....#.#### #{
#.#####.####
#g##########.#####(#...
#...((@.....>....(.+...
##################.#...
#.#... #('.).
###############...
#.....##........(.
#.........########
#.................
#...........######


You could see a goblin.

Vanquished Creatures
  A centaur skeleton (D:2)
  Terence (D:2)
  Jessica (D:2)
  2 adders (D:2)
  An ooze (D:1)
  2 worms (D:2)
  3 dart slugs
  2 leopard geckos (D:2)
  2 bats (D:2)
  2 giant cockroaches
  6 hobgoblins
  8 jackals (D:1)
  2 quokkas (D:2)
  A frilled lizard (D:1)
  5 goblins
  10 kobolds
  5 rats
54 creatures vanquished.

Notes
Turn   | Place    | Note
-------+----------+-------------------------------------------
     0 | D:1      | Infinimo the Formicid Skald began the quest for the Orb.
     0 | D:1      | Reached XP level 1. HP: 16/16 MP: 3/3
   299 | D:1      | Reached XP level 2. HP: 13/23 MP: 5/5
  1047 | D:1      | Reached XP level 3. HP: 19/28 MP: 6/6
  1961 | D:2      | Found an iron altar of Okawaru.
  2048 | D:2      | Became a worshipper of Warmaster Okawaru
  2062 | D:2      | Reached XP level 4. HP: 34/34 MP: 7/7
  2270 | D:2      | Found a shimmering altar of Xom.
  2284 | D:2      | Noticed Terence
  2307 | D:2      | Killed Terence
  2732 | D:2      | Reached XP level 5. HP: 29/40 MP: 8/8
  2921 | D:2      | Noticed Jessica
  2927 | D:2      | Killed Jessica
  3301 | D:2      | Found a glowing golden altar of the Shining One.
  3411 | D:2      | Found a basalt altar of Yredelemnul.
  3412 | D:2      | Found an opulent altar of Gozag.
  3470 | D:2      | Shot with a stone by a goblin

Skill      XL: |  1  2  3  4  5 |
---------------+----------------+-----
Dodging        | 2 |  2.8
Armour         | 2 |  2.5
Maces & Flails | 3 |  3.5
Fighting       | 3 |  3.2
Spellcasting   | |  2.4
Charms         | |  3.1

Action                   |  1- 3 |  4- 6 || total
-------------------------+-------+-------++-------
Melee: Mace              |   127 |     1 ||   128
       Whip              |       |    95 ||    95
  Use: Scroll            |     3 |       ||     3
       Potion            |       |     3 ||     3
  Eat: Chunk             |     4 |     1 ||     5
       Ration            |       |     2 ||     2
Armor: Leather armour    |    32 |    17 ||    49
Dodge: Dodged            |    95 |    69 ||   164
